 Dungeon Crawl Stone Soup version bcrawl-1.22 (webtiles) character file.

Game seed: 12231584491246158001

147 SirMumm the Magician (level 5, -2/28 HPs)
             Began as a Gargoyle Wizard on May 13, 2020.
             Slain by a wight
             ... wielding a cursed +2 falchion
              (3 damage)
             ... on level 4 of the Dungeon.
             The game lasted 00:04:37 (3735 turns).

SirMumm the Magician (Gargoyle Wizard)              Turns: 3735, Time: 00:04:38

Health: -2/28      AC:  7    Str: 10    XL:     5   Next: 29%
Magic:  1/11       EV: 12    Int: 20    God:
Gold:   307        SH:  0    Dex:  8    Spells: 3/12 levels left

rFire    + . .     SeeInvis .   i - +0 spear
rCold    x . .     Gourm    .   (no shield)
rNeg     + + .     Faith    .   b - +0 robe
rPois    ∞         Spirit   .   c - +0 hat
rElec    +         Reflect  .   (no cloak)
rCorr    .         Harm     .   (no gloves)
MR       .....                  m - +0 pair of boots (curse)
Stlth    ++........             (no amulet)
HPRegen  0.09/turn              p - ring of positive energy
MPRegen  0.12/turn              q - ring of fire

@: very slightly contaminated
A: negative energy resistance 1, electricity resistance, unbreathing,
petrification resistance, rot immunity, AC +4
a: no special abilities


You were on level 4 of the Dungeon.
You were hungry.

You visited 1 branch of the dungeon, and saw 4 of its levels.

You collected 307 gold pieces.

Inventory:

Hand Weapons
 a - a +0 staff
 i - a +0 spear (weapon)
 y - a +1 falchion of holy wrath
Missiles
 n - a throwing net (quivered) {!f}
Armour
 b - a +0 robe (worn)
 c - a +0 hat (worn)
 m - a cursed +0 pair of boots (worn)
 v - a +2 buckler of reflection
Jewellery
 p - a ring of positive energy (left hand)
 q - a ring of fire (right hand)
 t - a +4 ring of strength {unknown}
Wands
 w - a wand of digging (12)
Scrolls
 j - a scroll of amnesia {unknown}
 k - 3 scrolls of noise {unknown}
 l - a scroll of enchant armour {unknown}
 o - 6 scrolls of identify {unknown}
 s - a scroll of teleportation {unknown}
 u - a scroll of immolation {unknown}
 z - 2 scrolls of fear {unknown}
Potions
 d - 3 potions of curing {unknown}
 f - a potion of brilliance
 g - a potion of heal wounds {unknown}
 h - a potion of haste
 r - a potion of might {unknown}
 x - a potion of resistance {unknown}
Comestibles
 e - 5 rations {!d}


   Skills:
 + Level 2.0 Dodging
 - Level 2.4 Stealth
 + Level 4.2 Spellcasting
 * Level 3.1 Conjurations
   Level 0.8 Summonings
 + Level 0.8 Translocations
 * Level 1.3 Fire Magic


You had 3 spell levels left.
You knew the following spells:

 Your Spells              Type           Power        Failure   Level  Hunger
a - Magic Dart            Conj           ###.         3%          1    None
b - Blink                 Tloc           N/A          13%         2    #......
c - Conjure Flame         Conj/Fire      ###.....     16%         3    ###....
d - Mephitic Cloud        Conj/Pois/Air  #.......     24%         3    ###....

Your spell library contained the following spells:

 Spells                   Type           Power        Failure   Level  Hunger
 Call Imp                 Summ           #.....       13%         2    #......
 Spider Form              Tmut/Pois      #..          36%         3    ###....


Dungeon Overview and Level Annotations

Branches:
Dungeon (4/12)
 Temple: D:4-7

Altars:


Innate Abilities, Weirdness & Mutations

You are resistant to torment.
Your stone body is resilient. (AC +4)
You are immune to poison.
You resist negative energy. (rN+)
You are resistant to electric shocks. (rElec)
You can survive without breathing.
You are immune to petrification.
You are immune to rotting.


Message History

Aiming: Magic Dart (safe; 3% risk of failure)
Press: ? - help, Shift-Dir - straight line, f/p - wight
Aim: a wight, wielding a +2 falchion and wearing a +0 robe (severely damaged)
The magic dart hits the wight.
The wight is severely damaged.
The wight hits you with a cursed +2 falchion.
* * * LOW HITPOINT WARNING * * *
Casting: Magic Dart (safe; 3% risk of failure)
Confirm with . or Enter, or press ? or * to list all spells.
Aiming: Magic Dart (safe; 3% risk of failure)
Press: ? - help, Shift-Dir - straight line, f/p - wight
Aim: a wight, wielding a +2 falchion and wearing a +0 robe (severely damaged)
The magic dart hits the wight but does no damage.
The wight is severely damaged.
The wight hits you with a cursed +2 falchion.
* * * LOW HITPOINT WARNING * * *
You hit the wight.
The wight is almost destroyed.
The wight hits you with a cursed +2 falchion.
You die...

.....(....##....
##......... #...####..
##[..# #..#.# #..#.#
#....#
.#######..#########.#.
.............z@.......
#####################.


You could see a wight.

Vanquished Creatures
  A worker ant (D:3)
  Terence (D:3)
  3 gnolls (D:3)
  An ooze (D:2)
  3 worms
  A dart slug (D:2)
  3 leopard geckos
  5 orcs
  9 goblins
  7 hobgoblins
  5 jackals
  3 kobolds
  A quokka (D:2)
  A bat (D:2)
  4 frilled lizards
  5 rats
53 creatures vanquished.

Notes
Turn   | Place    | Note
-------+----------+-------------------------------------------
     0 | D:1      | SirMumm the Gargoyle Wizard began the quest for the Orb.
     0 | D:1      | Reached XP level 1. HP: 10/10 MP: 4/4
   352 | D:1      | Reached XP level 2. HP: 15/15 MP: 4/6
  1092 | D:2      | Reached XP level 3. HP: 18/19 MP: 1/8
  1096 | D:2      | Learned a level 2 spell: Blink
  1100 | D:2      | Learned a level 3 spell: Conjure Flame
  1104 | D:2      | Learned a level 3 spell: Mephitic Cloud
  1741 | D:2      | Reached skill level 4 in Spellcasting
  2225 | D:3      | Reached skill level 1 in Fire Magic
  2225 | D:3      | Reached XP level 4. HP: 14/24 MP: 0/10
  2650 | D:3      | Noticed Terence
  2709 | D:3      | Killed Terence
  2918 | D:3      | Reached XP level 5. HP: 28/28 MP: 2/11
  3457 | D:3      | Found a faded altar of an unknown god.
  3734 | D:4      | HP: 1/28 [wight/cursed +2 falchion (6)]
  3735 | D:4      | Slain by a wight

Skill      XL: |  1  2  3  4  5 |
---------------+----------------+-----
Conjurations   | 2 3 |  3.1
Spellcasting   | 4 |  4.2
Fire Magic     | 1 |  1.3
Dodging        | 2 |  2.0
Stealth        | |  2.4
Summonings     | |  0.8
Translocations | |  0.8

Action                   |  1- 3 |  4- 6 || total
-------------------------+-------+-------++-------
Melee: Spear             |    28 |    41 ||    69
 Cast: Magic Dart        |    92 |    71 ||   163
       Mephitic Cloud    |       |     3 ||     3
       Conjure Flame     |       |     2 ||     2
  Eat: Chunk             |     3 |     5 ||     8
Armor: Robe              |    16 |     7 ||    23
Dodge: Dodged            |    21 |    23 ||    44
